Cogmind - Beta 10.2 @@@ ROGUE MODE // 2021.06.27 @ 20:12:53 Player: Demise Result: Destroyed self via exploding Fusion Modulator Performance ------------- Evolutions (0) 0 Regions Visited (1) 200 Robots Destroyed (20) 100 Value Destroyed (572) 572 Prototype IDs (0) 0 Alien Tech Used (0) 0 Bonus (0) 0 TOTAL SCORE: 872 Bonus ------- None Cogmind --------- Core Integrity 0/250 Matter 224/300 Energy 100/100 System Corruption 0% Temperature Cool (12) Movement Core (100) Ox1 Location -10/Materials Parts ------- > --- POWER (1) -------- (None) > --- PROPULSION (2) --- (None) > --- UTILITY (2) ------ (None) > --- WEAPON (2) ------- Light Cannon Light Cannon > --- INVENTORY (4) ---- Ion Engine Improved Heat Sink Hacking Suite Datajack Peak State ------------ > --- POWER ------------ Light Nuclear Core > --- PROPULSION ------- Light Treads Light Treads > --- UTILITY ---------- Large Storage Unit Large Storage Unit > --- WEAPON ----------- Light Assault Rifle Light Assault Rifle > --- INVENTORY -------- Ion Engine Improved Heat Sink Medium Storage Unit Hacking Suite Medium Laser Small Laser [Rating: 10] Favorites ----------- Power Light Nuclear Core Engine Ion Engine Power Core Light Nuclear Core Propulsion Light Treads Treads Light Treads Utility Large Storage Unit Storage Large Storage Unit Weapon Light Assault Rifle Ballistic Gun Light Assault Rifle Ballistic Cannon Light Cannon Build | -11 -10 ------- Run | Scr Mat Slots Evolved . | . . Power . | . . Propulsion . | . . Utility . | . . Weapon . | . . Parts Attached 14 | 5 9 Power 2 | . 2 Engine 1 | . 1 Core 1 | . 1 Reactor . | . . Propulsion 3 | 2 1 Treads 3 | 2 1 Leg . | . . Wheel . | . . Hover . | . . Flight . | . . Utility 3 | 1 2 Device . | . . Storage 3 | 1 2 Processor . | . . Hackware . | . . Protection . | . . Artifact . | . . Weapon 6 | 2 4 Energy Gun . | . . Energy Cannon . | . . Ballistic Gun 4 | 2 2 Ballistic Cannon 2 | . 2 Launcher . | . . Special Weapon . | . . Impact Weapon . | . . Slashing Weapon . | . . Piercing Weapon . | . . Special Melee Weapon . | . . Unidentified Prototypes . | . . Parts Lost . | . . Power . | . . Propulsion . | . . Utility . | . . Weapon . | . . Highest Loss Streak . | . . Average Slot Usage (%) 88 | . 88 Engine 1 | . 1 Core 10 | . 10 Treads 24 | . 24 Storage 23 | . 23 Ballistic Gun 24 | . 24 Ballistic Cannon 2 | . 2 Naked Turns 6 | . 6 Heaviest Build 39 | 2 39 Greatest Support 40 | 20 40 Greatest Overweight (x) 5 | . 5 Average Overweight (x) . | . . Largest Inventory Capacity 16 | 6 16 Average Capacity 13 | 4 14 Most Carried 9 | 4 9 Average Carried 6 | 2 6 Final Capacity 4 | 4 4 Final Carried 4 | 3 4 Class Distribution -------------------- 100% | Mutant Dominant Class ---------------- Mutant | -10/Materials Resources | -11 -10 ----------- Run | Scr Mat Matter Collected 481 | 252 229 Remotely . | . . Salvage Created 718 | 85 633 Parts 43 | 3 40 Haulers Intercepted 1 | . 1 Recyclers Shooed 1 | . 1 Parts Field Recycled . | . . Retrieved Matter . | . . Parts Self-Destructed . | . . Prevented . | . . Kills | -11 -10 ------- Run | Scr Mat Combat Hostiles Destroyed 13 | . 13 Guns 13 | . 13 Classes Destroyed 6 | 2 4 Worker 1 | . 1 Tunneler 1 | 1 . Hauler 1 | . 1 Recycler 1 | 1 . Operator 3 | . 3 Grunt 13 | . 13 Best Kill Streak 4 | 2 4 Combat Bots Only 4 | . 4 Max Kills in Single Turn 1 | 1 1 Gunslinging . | . . Exploded . | . . Melee . | . . Uniques/NPCs Destroyed . | . . Combat | -11 -10 -------- Run | Scr Mat Damage Taken 989 | . 989 Core 348 | . 348 Absorbed by Shields . | . . Core Remaining (%) 100 | 100 . Volleys Fired 90 | 3 87 Largest 2 | 2 2 Hottest 70 | 40 70 Shots Fired 180 | 6 174 Gun 166 | 6 160 Cannon 14 | . 14 Launcher . | . . Special . | . . Kinetic 180 | 6 174 Thermal . | . . Explosive . | . . Electromagnetic . | . . Robot Hit Streak 17 | 3 17 Robot Miss Streak 4 | 1 4 Penetration Max . | . . Secondary Targets 1 | . 1 Max Gunslinging Chain 1 | . 1 Shots Hit Robots 111 | 5 106 Core Hits 54 | 4 50 Critical Hits 2 | . 2 Critical Kills . | . . Critical Parts Destroyed 2 | . 2 Melee Attacks . | . . Impact . | . . Slashing . | . . Piercing . | . . Sneak Attacks . | . . Combat Hostiles . | . . Follow-up Attacks . | . . Damage Inflicted 936 | 39 897 Guns 935 | 39 896 Cannons . | . . Explosions . | . . Melee . | . . Ramming 1 | . 1 Kinetic 935 | 39 896 Thermal . | . . Explosive . | . . Electromagnetic . | . . Impact . | . . Slashing . | . . Piercing . | . . Highest Corruption . | . . Average Corruption . | . . Corruption Purged . | . . Overload Shots . | . . Overflow Damage . | . . Projectiles . | . . Explosions . | . . Melee . | . . Knockbacks . | . . Impact . | . . Kinetic . | . . Secondary . | . . Self-Inflicted Damage 332 | . 332 Shots 3 | . 3 Rammed 1 | . 1 Targets Rammed 1 | . 1 Kicked . | . . Crushed . | . . Highest Temperature 36 | . 36 Average Temperature 9 | . 9 Received Heat Transfer 348 | . 348 Siege Activations . | . . Robots Corrupted . | . . Combat Hostiles . | . . Parts Fried . | . . Impact Corruptions . | . . Robots Melted . | . . Combat Hostiles . | . . Parts Melted . | . . Heat Transferred . | . . Parts Sabotaged . | . . Parts Stolen . | . . Parts Stripped . | . . Power Chain Reactions . | . . Missiles Intercepted . | . . Alert | -11 -10 ------- Run | Scr Mat Peak Influence 255 | 10 255 Initial 6 | . 6 Average 150 | 3 156 Maximum Alert Level 1 | . 1 Low Security (%) 64 | 100 62 Level 1 35 | . 37 Level 2 . | . . Level 3 . | . . Level 4 . | . . Level 5 . | . . High Security . | . . Max Security . | . . Squads Dispatched 6 | . 6 Investigation . | . . Extermination . | . . Reinforcement 6 | . 6 Assault . | . . Garrison . | . . Intercept . | . . Construction Impeded . | . . Haulers Reinforced . | . . Stealth | -11 -10 --------- Run | Scr Mat Distress Signals 2 | . 2 Communications Jammed . | . . Distress Signals . | . . Times Spotted 39 | . 39 Peak Tracking Total 5 | . 5 Tactical Retreats 2 | . 2 Traps | -11 -10 ------- Run | Scr Mat Traps Triggered 1 | . 1 Indirectly . | . . Trap Hack Attempts . | . . Triggered . | . . Disarmed . | . . Reprogrammed . | . . Reused . | . . Traps Extracted . | . . Installed . | . . Triggered . | . . Machines | -11 -10 ---------- Run | Scr Mat Machines Disabled 4 | . 4 Max in Single Turn 2 | . 2 Machines Sabotaged . | . . Garrisons Compromised . | . . Overloaded Fab Kills . | . . Fab Network Shutdowns . | . . Hacking | -11 -10 --------- Run | Scr Mat Machines Accessed 6 | . 6 Terminals 3 | . 3 Fabricators . | . . Repair Stations 1 | . 1 Recycling Units 2 | . 2 Scanalyzers . | . . Garrison Access . | . . Total Hacks 17 | . 17 Successful 12 | . 12 Failed 5 | . 5 Catastrophic . | . . Database Lockouts . | . . Manual 6 | . 6 Terminals 6 | . 6 Fabricators . | . . Repair Stations 5 | . 5 Recycling Units 6 | . 6 Scanalyzers . | . . Garrison Access . | . . Terminal Hacks 2 | . 2 Record 1 | . 1 Terminal Index 1 | . 1 Fabricator Hacks . | . . Repair Station Hacks 4 | . 4 Scan Component 2 | . 2 Repair 2 | . 2 Recycling Unit Hacks 3 | . 3 Retrieve Components 3 | . 3 Scanalyzer . | . . Garrison Access Hacks . | . . Unauthorized Hacks 3 | . 3 Terminals 2 | . 2 Botnet 2 | . 2 Fabricators . | . . Repair Stations . | . . Recycling Units 1 | . 1 Recyclers 1 | . 1 Scanalyzers . | . . Garrison Access . | . . Data Cores Recovered . | . . Used . | . . Hacking Detections 6 | . 6 Full Trace Events 1 | . 1 Feedback Events . | . . Feedback Blocked . | . . Robot Schematics Acquired . | . . Robots Built . | . . Matter . | . . Time . | . . Total Robot Build Rating . | . . Part Schematics Acquired . | . . Parts Built . | . . Matter . | . . Time . | . . Total Part Build Rating . | . . Parts Repaired 2 | . 2 Time 52 | . 52 Parts Recycled . | . . Recycled Matter . | . . Retrieved Matter . | . . Retrieved Components 9 | . 9 Parts Scanalyzed . | . . Part Schematics Acquired . | . . Parts Damaged . | . . Bothacking | -11 -10 ------------ Run | Scr Mat Used RIF Installer . | . . Robots Hacked . | . . Non-combat . | . . Combat . | . . Robot Hacks Applied . | . . Relay Couplers Released . | . . Robots Rewired . | . . Allies Hacked . | . . Hacks Repelled . | . . Allies | -11 -10 -------- Run | Scr Mat Total Allies . | . . Largest Group . | . . Highest-Rated Group . | . . Highest-Rated Ally . | . . Total Orders . | . . Ally Attacks . | . . Total Damage . | . . Kills . | . . Allies Corrupted . | . . Allies Melted . | . . Intel | -11 -10 ------- Run | Scr Mat Robot Analysis Total . | . . Derelict Logs Recovered . | . . Drone Launches . | . . Drone Recoveries . | . . Exploration | -11 -10 ------------- Run | Scr Mat Turns Passed 1020 | 39 981 Spaces Moved 520 | 38 482 Core 183 | 37 146 Treads 337 | 1 336 Legs . | . . Wheels . | . . Hover . | . . Flight . | . . Fastest Speed 50 | 50 50 Average Speed 128 | 52 134 Slowest Speed 300 | 160 300 Overloaded Moves . | . . Propulsion Burnouts . | . . Robots Hopped . | . . Cave-ins Triggered . | . . Exploration Rate (%) 39 | 2 77 Regions Visited 1 Branch Regions . Pre-discovered Areas . | . . Known Exits Taken . | . . Unknown Exits Taken 1 | 1 . Scrap Searched . | . . Spaces Dug . | . . Terrain Destroyed 49 | . 49 Melee . | . . Projectile . | . . AOE 49 | . 49 Terrain Rammed . | . . Walls Destroyed . | . . Machines Disabled . | . . Actions | -11 -10 --------- Run | Scr Mat Total 719 | 50 669 Wait 76 | . 76 Move 519 | 37 482 Hop . | . . Pick Up 13 | 4 9 Fast Attach 10 | 3 7 Attach 3 | 2 1 Detach 2 | 1 1 Swap 1 | . 1 Drop 4 | . 4 Fire 90 | 3 87 Melee . | . . Ram . | . . Kick . | . . Crush 1 | . 1 Escape Stasis . | . . Rewire . | . . Trap . | . . Miscellaneous . | . . Route ------- -11/Scrapyard -10/Materials (discovered 3 exits: [*Mat x2] / [*Min]) History --------- Turn | Location | Event 2 | -11/Scrapyard | Met Revision 17 12 | -11/Scrapyard | Discovered new exit (range 16) 40 | -11/Scrapyard | Entered Materials 241 | -10/Materials | Discovered new exit (range 8) 301 | -10/Materials | Build established: Mutant 348 | -10/Materials | Discovered new exit (range 5) 399 | -10/Materials | Repaired Lgt. Treads 427 | -10/Materials | Repaired Lgt. Assault Rifle 691 | -10/Materials | Discovered new exit (range 15) 855 | -10/Materials | Core integrity fell below 50% 917 | -10/Materials | Released all parts (7) 965 | -10/Materials | Core integrity fell below 20% 1021 | -10/Materials | Destroyed self via exploding Fusion Modulator Last Messages --------------- 00917_ Released Lgt. Nuclear Core. 00917_ Released Lgt. Assault Rifle. 00917_ Released Lgt. Treads. 00917_ Released Lrg. Storage Unit. 00917_ Released Lgt. Assault Rifle. 00921_ Acquired 32 matter. 00923_ Acquired Lgt. Cannon. 00923_ O-16 Technician: "IFF HANDSHAKE FAILED. SECURING TERMINAL." 00925_ Acquired Lgt. Cannon. 00932_ ALERT: Hostiles spotted, dispatching reinforcements to Terminal M003. 00953_ Fusion Modulator explodes. 00953_ Terminal disabled. 00964_ Fusion Modulator explodes. 00964_ U-05 Engineer lays Concrete. 00969_ U-05 Engineer builds a Wall. 00974_ U-05 Engineer builds a Door. 00978_ U-05 Engineer builds a Wall. 00983_ K-01 Serf collects debris. 01002_ K-01 Serf cleans the Fusion Modulator. 01021_ Fusion Modulator explodes. Map ----- +----------------------------------------------------+ | # # !! !=#####+#######??? ###??????????? | | # + !%##### ######## #??????????? | | # # [%*= =! #??????????? | | # ###+## == %]! /?????????? | | # ! ## ######### #??????????? | | ########### #???????# ####### #??????????# | | ??????????# #???????# #?????????###??????????# | | ??????????# #???????# ###########????????????# | | ??????????# #???????# # #????????????# | | ??????????# #???????# # #????????????# | | ??????????# #???????# # #????????????# | | ??????????#####???????# # #????????????# | | ??????????????????????# + #????????????# | | ??????????????????????# # !!= #????????????# | | ??????????????#####???# # !== #??########### | | ????################### # != #??# ## | | ????# ###########??# """ ## | | ????# < + ????# """ + | | ????# ######???????# """ ## | | ????###########+######### #????????????# ## | | ????????????# %* ####k#####????????# """ ## | | ????????????# """ # k #????????# """ #? | | ????????????# """ # #????????# """ #? | | ????????????# """ # #????????# #? | | ????????????# # #????????######+###? | | ????????????# """ # @ #???????##### ## | | ????????????# ""? #= """ #?# | | ????????????# ??? # """ #?# ^ | | ????????????# ??? # """ !#?# ^ | | ????????????########## #?# ##### ## | | ????????????# """ #####+#####?#####?????#######? | | ????????????# """ #?# % ###########?????###### | | ########????# """ ### #?????# | | # #????# + #?????# | | | # #????# ### #?????# | | # #????# %"T" #?# ####### ############ | | # #????# """ #?#######?????# # * ## | | # ###### % r #?????????????# # """ + | | # # ##+######??????######## # "Y"== ## | | # + !%== ########### # != *! #? | | # # T %[[ ^^ ^ + """[""" #? | | # # ################ # """!""" #? | | # / ## ####################+### # """ """ #? | | # ## # ## !!! # # #? | | # ## + ## !!! # < ###########? | | # ## # ! ## !! # #??????????? | | ######### # * ## #####??????????? | | ????????####? ## """ """ #??????????????? | | ????????????? ## """ R" #??????????????? | | ??????????????]! ## """ """ #??????????????? | +----------------------------------------------------+ Best States ------------- Heat Dissipation 25 Energy Generation 14 Energy Capacity 250 Matter Stores 300 Matter Capacity 300 Sight Range 16 Terrain Scan Density 10 Evasion (%) 50 Recoil Reduction 2 Item Schematics ----------------- None Robot Schematics ------------------ None Fabricated ------------ Nothing Alien Tech Used ----------------- None Achievements -------------- None Challenges ------------ None Game ------ Seed AerolevCoolantShotgun Manual? 0 Play Time 00:07:43 Cumulative 333.1 hours Start 2021.06.26 @ 19:03:11 End 2021.06.27 @ 20:12:53 Sessions 3 Manual Loads 0 Difficulty Rogue Special Mode None Game No. 290 Rogue 290 Adventurer 0 Explorer 0 Win Type - Total 1 Types 0/0/0/1/0/0/0/0/0 Lore% 68 Gallery% 77 Achievement% 59 Wizard Run 0 Options --------- ASCII 0 Keyboard 1 Movement Numpad Keybinds 0 Fullscreen 1 Font 12/Terminus Map View 83x54 Tactical HUD 1 Map Filters NONE Filters NONE Steam 1 RUN: 193f32e5-f78e-404d-97c5-5e41937edbd1